 Dungeon Crawl Stone Soup version 0.27.1-3-gb3d3a73c9e (webtiles) character file.

Game seed: 2858697226762252346

31 Descartes the Sneak (level 3, 0/20 HPs)
             Began as a Deep Elf Wanderer on Oct 8, 2021.
             Succumbed to an adder's poison
             ... on level 2 of the Dungeon.
             The game lasted 00:02:21 (1705 turns).

Descartes the Sneak (Deep Elf Wanderer)             Turns: 1705, Time: 00:02:21

Health: 0/20       AC:  2    Str:  9    XL:     3   Next: 7%
Magic:  7/7        EV: 12    Int: 18    God:
Gold:   66         SH:  0    Dex: 13    Spells: 5/5 levels left

rFire    . . .     SeeInvis .   a - +2 short sword
rCold    . . .     Faith    .   (no shield)
rNeg     . . .     Spirit   .   d - +0 robe
rPois    .         Reflect  .   (no helmet)
rElec    .         Harm     .   (no cloak)
rCorr    .         Rampage  .   (no gloves)
Will     .....                  (no boots)
Stlth    ++........             (no amulet)
HPRegen  0.06/turn              (no ring)
MPRegen  0.10/turn              (no ring)

@: lethally poisoned (0 -> -3)
A: no striking features
a: no special abilities


You were on level 2 of the Dungeon.
You visited 1 branch of the dungeon, and saw 2 of its levels.

You collected 66 gold pieces.

Inventory:

Hand Weapons
 a - a +2 short sword (weapon)
 b - a +0 spear
 e - a +0 dagger
 i - a +0 short sword of protection
Missiles
 g - 15 stones (quivered)
 h - 6 datura-tipped darts
Armour
 d - a +0 robe (worn)
Scrolls
 c - 2 scrolls of teleportation
 f - 3 scrolls of identify {unknown}


   Skills:
 - Level 1.5 Fighting
 - Level 2.0 Short Blades
 - Level 1.0 Staves
 + Level 3.0 Dodging
 + Level 4.1 Stealth
 + Level 1.5 Spellcasting
 * Level 0.9 Fire Magic
 * Level 1.0 Earth Magic


You had 5 spell levels left.
You didn't know any spells.
Your spell library contained the following spells:

 Spells                   Type           Power      Damage    Failure   Level
 Ignite Poison            Fire/Tmut/Pois 2%         N/A       45%         3
 Call Canine Familiar     Summ           1%         N/A       50%         3
 Mephitic Cloud           Conj/Pois/Air  1%         N/A       50%         3
 Portal Projectile        Hex/Tloc       2%         N/A       50%         3
 Leda's Liquefaction      Hex/Erth       1%         N/A       83%         4
 Bolt of Magma            Conj/Fire/Erth 1%         4d4       99%         5


Dungeon Overview and Level Annotations

Branches:
Dungeon (2/15)

Altars:


Message History

Found an escape hatch in the ceiling.
Found 11 gold pieces.
A dart slug comes into view.
Found a dagger.
The dart slug launches a dart at you. The slug dart hits you.
The adder hisses angrily.
The adder bites you but does no damage.
You closely miss the adder. The adder bites you. The adder barely misses you.
You closely miss the adder. The adder bites you.
You are poisoned.
The adder poisons you!
You are too injured to fight recklessly!
You are too injured to fight recklessly!
You are too injured to fight recklessly!
You are too injured to fight recklessly!
You are too injured to fight recklessly!
You are too injured to fight recklessly!
You are too injured to fight recklessly!
You are too injured to fight recklessly!
You are too injured to fight recklessly!
You are too injured to fight recklessly!
You are too injured to fight recklessly!
You are too injured to fight recklessly!
You are too injured to fight recklessly!
You are too injured to fight recklessly!
You are too injured to fight recklessly!
You are too injured to fight recklessly!
You are too injured to fight recklessly!
You are too injured to fight recklessly!
You are too injured to fight recklessly!
You are too injured to fight recklessly!
You are too injured to fight recklessly!
You miss the adder.
You feel sick. The adder bites you.
* * * LOW HITPOINT WARNING * * *
Unknown command.
You miss the adder.
You feel sick. The adder bites you.
* * * LOW HITPOINT WARNING * * *
You barely miss the adder.
You die...

#....# ...
#....# ....
##+
#....#####....
#..<
#.............
#...
####........#
#...
#......<.#
#...
#........#
#...
#........#
#...
#..@.....#
#...
#...S....# ...
#....w.$.# ...
#........# ...
#........# ...
#....)...# ...
#........#
#........#


You could see an adder and a dart slug.

Vanquished Creatures
  An adder (D:2)
  A worm (D:2)
  2 bats (D:2)
  4 endoplasms
  A hobgoblin (D:1)
  A quokka (D:1)
  2 ball pythons
  A frilled lizard (D:1)
  A goblin (D:2)
  3 kobolds
  3 rats
20 creatures vanquished.

Notes
Turn   | Place    | Note
-------+----------+-------------------------------------------
     0 | D:1      | Descartes the Deep Elf Wanderer began the quest for the
                  | Orb.
     0 | D:1      | Descartes set off with the following items: a +2 short
                  | sword, a +0 spear, a scroll of teleportation, a +0 robe, a
                  | +0 dagger
     0 | D:1      | Reached XP level 1. HP: 12/12 MP: 3/3
     2 | D:1      | Noticed a djinni
     2 | D:1      | Noticed an elf
     4 | D:1      | Noticed a human
     4 | D:1      | Noticed a demigod
     6 | D:1      | Noticed a demonspawn
     6 | D:1      | Noticed a formicid
     8 | D:1      | Noticed a dwarf
    10 | D:1      | Noticed a felid
    10 | D:1      | Noticed a barachi
    12 | D:1      | Noticed a vine stalker
    12 | D:1      | Noticed a palentonga
    14 | D:1      | Noticed an ogre
    14 | D:1      | Noticed a naga
    16 | D:1      | Noticed a tengu
    18 | D:1      | Noticed a draconian
    18 | D:1      | Noticed a merfolk
    20 | D:1      | Noticed a vampire
    20 | D:1      | Noticed a troll
    22 | D:1      | Noticed a gargoyle
    22 | D:1      | Noticed a minotaur
    24 | D:1      | Noticed a ghoul
    24 | D:1      | Noticed a spriggan
    26 | D:1      | Noticed an octopode
   189 | D:1      | Reached skill level 1 in Spellcasting
   431 | D:1      | Found a faded altar of an unknown god.
   442 | D:1      | Reached XP level 2. HP: 11/16 MP: 5/5
   669 | D:1      | Reached skill level 4 in Stealth
  1369 | D:2      | Reached skill level 1 in Earth Magic
  1369 | D:2      | Reached XP level 3. HP: 4/20 MP: 7/7
  1704 | D:2      | HP: 1/20 [adder (4)]
  1705 | D:2      | Succumbed to an adder's poison

Illustrated notes

Levels and vault maps discovered:
D:1:      kb_arrival_jail, layout_loops_corners,
          hellmonk_ecumenical_altar_inner_sanctum, hangedman_decor_lopped
D:2:      layout_basic

Skill      XL: |  1  2 |
---------------+-------+-----
Spellcasting   | 1 |  1.5
Stealth        | 4 |  4.1
Dodging        | 3 |  3.0
Earth Magic    | 1 |  1.0
Fighting       | |  1.5
Short Blades   | |  2.0
Staves         | |  1.0
Fire Magic     | |  0.9

Action                   || total
-------------------------++-------
Melee: Short sword       ||    43
 Stab: Sleeping          ||     6
Armor: Robe              ||     9
Dodge: Dodged            ||    21
